 Dungeon Crawl Stone Soup version 0.32-a0-17-gb74e046682 (webtiles) character file.

Game seed: 4178117425389044795

44 SmokeWeed the Conjurer (level 3, -6/21 HPs)
             Began as an Octopode Conjurer on Jan 15, 2024.
             Mangled by a gnoll
             ... wielding a +0 flail
              (9 damage)
             ... on level 2 of the Dungeon.
             The game lasted 00:03:50 (1247 turns).

SmokeWeed the Conjurer (Octopode Conjurer)          Turns: 1247, Time: 00:03:51

Health: -6/21      AC:  1    Str:  6    XL:     3   Next: 60%
Magic:  2/6        EV: 13    Int: 20    God:
Gold:   42         SH:  0    Dex: 12    Spells: 3/6 levels left

rFire   . . .        k - +0 whip (freeze)
rCold   . . .        (no shield)
rNeg    . . .        (helmet restricted)
rPois   .            (no amulet)
rElec   .            (no ring)
rCorr   .            (no ring)
SInv    .            (no ring)
Will    .....        (no ring)
Stlth   +++          (no ring)
HPRegen 0.23/turn    (no ring)
MPRegen 0.10/turn    (no ring)
                     (no ring)

%: no passive effects
@: no status effects
A: almost no armour, amphibious, 8 rings, camouflage 1, gelatinous body 1,
(nimble swimmer 1), tentacles
a: no special abilities


You were on level 2 of the Dungeon.
You visited 1 branch of the dungeon, and saw 2 of its levels.

You collected 42 gold pieces.

Inventory:

Hand Weapons
 c - a +0 hand axe
 i - a +0 vampiric spear
 k - a +0 whip of freezing (weapon)
Missiles
 e - 3 javelins
 h - 3 poisoned darts
Jewellery
 g - a ring of ice
Scrolls
 f - 3 scrolls of teleportation {unknown}
 j - a scroll of enchant armour {unknown}
Potions
 a - a potion of magic
 b - a potion of brilliance {unknown}
 d - a potion of enlightenment {unknown}


   Skills:
 * Level 2.1 Dodging
 * Level 2.9 Stealth
 * Level 2.1 Spellcasting
 * Level 5.0 Conjurations


You had 3 spell levels left.
You knew the following spells:

 Your Spells              Type           Power      Damage    Failure   Level
a - Magic Dart            Conj           88%        1d7       1%          1
b - Searing Ray           Conj           44%        2d6       3%          2

Your spell library contained the following spells:

 Spells                   Type           Power      Damage    Failure   Level
 Fulminant Prism          Conj/Alch      6%         3d7       50%         4
 Iskenderun's Mystic Bla  Conj/Tloc      12%        2d5       50%         4


Dungeon Overview and Level Annotations

Branches:
Dungeon (2/15)

Altars:

Shops:
D:2 :


Innate Abilities, Weirdness & Mutations

You cannot wear most types of armour.
You are amphibious.
You can wear up to eight rings at the same time.
Your skin changes colour to match your surroundings (Stealth+).
Your rubbery body absorbs attacks. (AC +1, EV +1)
((You are camouflaged when in or above water. (Stealth+)))
You have tentacles for arms and can constrict up to eight enemies at once.


Message History

a +0 spear; a gnoll corpse A gnoll comes into view.
It is wielding a +0 flail.
Aiming: Magic Dart (safe; 1% risk of failure)
Press: ? - help, Q - select action, (/) - cycle Shift-Dir - straight line, f - gnoll
Aim: a gnoll, wielding a +0 flail (wandering, hasn't noticed you, 100% to hit)
The magic dart hits the gnoll.
The gnoll is lightly wounded.
The gnoll shouts!
Aiming: Magic Dart (safe; 1% risk of failure)
Press: ? - help, Q - select action, (/) - cycle Shift-Dir - straight line, f/p - gnoll
Aim: a gnoll, wielding a +0 flail (lightly wounded, 100% to hit)
The magic dart hits the gnoll!
The gnoll is heavily wounded.
The ball python hisses angrily.
A gnoll comes into view. It is wielding a +0 flail.
Aiming: Magic Dart (safe; 1% risk of failure)
Press: ? - help, Q - select action, (/) - cycle Shift-Dir - straight line, f/p - gnoll
Aim: a gnoll, wielding a +0 flail (heavily wounded, 100% to hit)
The magic dart hits the gnoll.
The gnoll is severely wounded.
You closely miss the gnoll. Your grab misses the gnoll.
The gnoll is severely wounded.
The gnoll closely misses you.
You barely miss the gnoll. You grab the gnoll.
The gnoll is severely wounded.
You constrict the gnoll, but do no damage.
The gnoll barely misses you.
You hit the gnoll but do no damage.
The gnoll is severely wounded.
You constrict the gnoll, but do no damage.
The gnoll hits you with a +0 flail!
You release your grip on the gnoll.
The gnoll attacks as it pursues you! The gnoll hits you with a +0 flail!
* * * LOW HITPOINT WARNING * * *
The ball python attacks as it pursues you!
The ball python bites you.
* * * LOW HITPOINT WARNING * * *
The ball python misses you. x3
The gnoll attacks as it pursues you! The gnoll hits you with a +0 flail!
You die...

## .###
...####################
..........).....@gS...#####
..#######'##....#.........#
..# ##∩#....#..g....#.. ..#
####....#.......... ..#
###.....#.......... ###
#.....#..........
#######...####... ##### ...
..


You could see 2 gnolls and a ball python.

Vanquished Creatures
  2 gnolls (D:2)
  2 dart slugs (D:1)
  2 giant cockroaches
  A hobgoblin (D:1)
  2 kobolds
  A quokka (D:1)
  4 ball pythons (D:1)
  5 goblins
  2 rats (D:1)
21 creatures vanquished.

Notes
Turn   | Place    | Note
-------+----------+-------------------------------------------
     0 | D:1      | SmokeWeed the Octopode Conjurer began the quest for the
                  | Orb.
     0 | D:1      | Reached XP level 1. HP: 11/11 MP: 3/3
   258 | D:1      | Reached XP level 2. HP: 14/17 MP: 0/5
   436 | D:1      | Learned a level 2 spell: Searing Ray
  1094 | D:2      | Reached XP level 3. HP: 21/21 MP: 1/6
  1156 | D:2      | Found Joawoa's Book Shoppe.
  1225 | D:2      | Reached skill level 5 in Conjurations
  1247 | D:2      | Mangled by a gnoll

Illustrated notes

Levels and vault maps discovered:
D:1:      dpeg_arrival_shelter, layout_loops_ring
D:2:      kb_forest_paths, layout_basic, serial_shops, nicolae_shop_tiny_glass,
          ebering_ecumenical_altar_petrified

Skill      XL: |  1  2  3 |
---------------+----------+-----
Conjurations   | 5 |  5.0
Dodging        | |  2.1
Stealth        | |  2.9
Spellcasting   | |  2.1

Action                     || total
---------------------------++-------
  Melee: Hand axe          ||    10
         Constrict         ||     6
         Tentacles         ||     3
         Unarmed           ||     1
         Spear             ||    10
         Whip              ||     3
   Cast: Magic Dart        ||    38
 Armour: Skin              ||    20
  Dodge: Dodged            ||    15

Table legend: (Time is in decaauts)
 A = Elapsed time spent in this place.
 B = Non-inter-level travel time spent in this place.
 C = Inter-level travel time spent in this place.
 D = Time resting spent in this place.
 E = Time spent auto-exploring this place.
 F = Levels seen in this place.
 G = Mean time per level.
                   A        B        C        D        E       F      G
               +--------+--------+--------+--------+--------+-----+--------+
         Total |   1249 |   1168 |     81 |     16 |    849 |   2 |  624.5 |
       Dungeon |   1249 |   1168 |     81 |     16 |    849 |   2 |  624.5 |
               +--------+--------+--------+--------+--------+-----+--------+

Top non-repeatable levels by time:
     D:1: 1012 daAuts
     D:2: 237 daAuts
